Senators vs Marlies

Created - Thursday, October 30, 2014 at 22:40

Goals
1 2 3 T
Senators 0 1 0 1
Marlies 1 2 0 3
Shots
1 2 3 T
Senators 4 12 5 21
Marlies 5 15 12 32

1st period

1. Marlies , Colton Gillies 1 (Rich Clune, Matt Dumba) at 6:03 (PP)

Penalties :
Andrew MacWilliam (BIN) for Tripping (Minor) at 5:17, Shane Prince (TOR) for Holding Stick (Minor) at 8:21

2nd period

2. Senators , Korbinian Holzer 1 (Evan Trupp, Steve Eminger) at 12:38
3. Marlies , Sheldon Brookbank 3 (Rich Clune, Jonathon Blum) at 13:22 (PP)
4. Marlies , Sheldon Brookbank 4 (Jonathon Blum, Jake Hansen) at 16:55

Penalties :
Sheldon Brookbank (TOR) for Fighting (Major) at 4:57, Mike Brown (BIN) for Fighting (Major) at 4:57, Brad Ross (BIN) for Roughing (Minor) at 13:07, Brendon Nash (TOR) for Fighting (Major) at 16:49, Mike Brown (BIN) for Fighting (Major) at 16:49, Rich Clune (TOR) for Fighting (Major) at 17:31, Colton Orr (BIN) for Fighting (Major) at 17:31

3rd period

No Goal

Penalties :
Austen Brassard (TOR) for Holding (Minor) at 2:15, Brendon Nash (TOR) for Fighting (Major) at 5:16, Andrew MacWilliam (BIN) for Fighting (Major) at 5:16, Harrison Ruopp (TOR) for Fighting (Major) at 5:26, David Broll (BIN) for Fighting (Major) at 5:26, Colton Orr (BIN) for Holding (Minor) at 9:44

Goalie Stats

Jean-Francois Berube (BIN), 29 saves from 32 shots - (0.906), L, 6-5-2, 60:00 minutes
Scott Clemmensen (TOR), 20 saves from 21 shots - (0.952), W, 3-2-3, 60:00 minutes

Players Stats for Senators

Player Name              G  A  P  +/- PIM S  H  SB GA TA FO     MP     PP MP  PK MP  
------------------------------------------------------------------------------------
Andrew MacWilliam        0  0  0   0  7   0  0  0  0  1  0/0    12:59   0:00   0:15 
Brad Ross                0  0  0   0  2   0  0  0  2  0  0/0    11:01   0:00   0:00 
Colton Orr               0  0  0   0  7   3  1  0  1  1  1/4    18:31   1:34   0:15 
Daine Todd               0  0  0  -1  0   1  1  3  0  1  8/13   19:26   1:59   0:00 
David Broll              0  0  0   0  5   0  1  1  0  1  0/1    16:03   0:01   1:59 
Evan Trupp               0  1  1   1  0   1  2  1  2  1  7/7    12:04   0:00   0:00 
Greg Pateryn             0  0  0   1  0   0  0  2  1  1  0/0    20:37   2:04   0:53 
Jesse Blacker            0  0  0   0  0   2  0  0  0  0  0/0    14:29   0:00   0:00 
Joe Finley               0  0  0   0  0   0  0  0  0  0  0/0     0:00   0:00   0:00 
John Scott               0  0  0  -1  0   1  5  3  0  0  0/0    25:46   1:54   2:07 
Josh Leivo               0  0  0  -1  0   6  0  1  6  0  1/2    20:58   1:59   0:56 
Kenny Ryan               0  0  0  -1  0   1  0  0  4  0  1/5    19:54   1:59   2:28 
Korbinian Holzer         1  0  1   1  0   1  1  2  1  4  0/0    21:28   2:04   0:53 
Kyle Beach               0  0  0   1  0   0  0  0  0  0  0/0     5:06   0:25   0:00 
Martin St. Pierre        0  0  0   0  0   2  0  0  1  1  7/10   17:02   1:59   0:22 
Mike Brown               0  0  0   0  10  1  2  0  2  0  0/0    12:56   0:00   0:00 
Steve Eminger            0  1  1  -1  0   2  1  5  2  5  0/0    24:54   1:54   2:07 
Tyler Biggs              0  0  0   1  0   0  3  0  0  0  0/0    23:53   1:58   0:00 

Players Stats for Marlies

Player Name              G  A  P  +/- PIM S  H  SB GA TA FO     MP     PP MP  PK MP  
------------------------------------------------------------------------------------
Andrew Yogan             0  0  0  -1  0   1  2  0  2  0  1/1    18:04   1:35   0:00 
Austen Brassard          0  0  0   0  2   0  0  0  1  0  0/1     8:18   0:00   0:00 
Brendon Nash             0  0  0  -1  10  1  0  0  0  0  0/0    10:20   0:00   0:00 
Colton Gillies           1  0  1   0  0   4  3  0  1  4  0/2    23:24   1:25   2:15 
Drew Schiestel           0  0  0  -1  0   2  2  0  2  0  0/0    14:55   0:00   0:00 
Farm Player24            0  0  0   1  0   0  1  0  0  1  2/7    16:49   0:00   1:31 
Farm Player29            0  0  0   1  0   0  0  0  0  0  0/0    15:11   0:00   1:19 
Harrison Ruopp           0  0  0   0  5   1  0  0  0  0  0/0     9:01   0:00   0:00 
Jake Hansen              0  1  1   1  0   2  2  1  3  3  2/2    15:47   0:00   0:00 
Joel Armia               0  0  0  -1  0   3  3  0  4  0  0/1    18:37   1:35   0:33 
Jonathon Blum            0  2  2   1  0   2  0  1  2  1  0/0    19:44   1:31   1:59 
Jordan Henry             0  0  0   0  0   0  0  0  0  1  0/0     8:59   0:00   0:00 
Matt Dumba               0  1  1   0  0   3  1  0  3  0  0/0    19:58   1:29   1:59 
Morgan Ellis             0  0  0   0  0   2  2  0  0  2  0/0    19:29   1:29   1:59 
Nicolas Deschamps        0  0  0  -1  0   0  1  1  3  1  3/8    18:04   1:35   0:00 
Rich Clune               0  2  2   0  5   3  2  0  4  1  0/0    16:39   1:25   0:46 
Shane Prince             0  0  0   0  2   1  0  1  1  0  8/17   19:48   1:25   1:35 
Sheldon Brookbank        2  0  2   1  5   7  2  0  1  4  1/3    22:51   1:31   1:59 

3 Stars

1 - Scott Clemmensen (TOR)
2 - Sheldon Brookbank (TOR)
3 - Korbinian Holzer (BIN)

Power Play

Senators - 0 on 2 Attempt(s) - 0.00%
Marlies - 2 on 3 Attempt(s) - 66.67%

Penalty Kill

Senators - 1 on 3 Attempt(s) - 33.33% - Score 0 goal in Penalty Kill
Marlies - 2 on 2 Attempt(s) - 100.00% - Score 0 goal in Penalty Kill

Official

Referees : Unknown
Linesman : Unknown

Game Notes

Mike Brown beats up Sheldon Brookbank at 4:57 of 2nd period
Brendon Nash beats up Mike Brown at 16:49 of 2nd period
Rich Clune and Colton Orr fight to a draw at 17:31 of 2nd period
Brendon Nash and Andrew MacWilliam fight to a draw at 5:16 of 3rd period
Harrison Ruopp beats up David Broll at 5:26 of 3rd period

Finance

Level 1 -- Attendance: 1416 (70.80%) -- Ticket Income $49,560
Level 2 -- Attendance: 780 (78.00%) -- Ticket Income $7,800
Total Attendance: 2196 (73.20%)
Total Ticket Income: $57,360
Other Income: $28,106
Total Income: $85,466

Senators

5 vs 5 Forward 
   Center                   Left Wing                Right Wing               Time % Phy DF OF 
 1 Martin St. Pierre        Tyler Biggs              Colton Orr               35     1   2  2  
 2 Daine Todd               Josh Leivo               Mike Brown               30     1   2  2  
 3 Evan Trupp               David Broll              Tyler Biggs              22     1   2  2  
 4 Colton Orr               Brad Ross                Kenny Ryan               13     1   2  2  

5 vs 5 Defense 
   Defense                  Defense                                           Time % Phy DF OF 
 1 John Scott               Steve Eminger                                     35     1   2  2  
 2 Greg Pateryn             Korbinian Holzer                                  30     1   2  2  
 3 Jesse Blacker            Andrew MacWilliam                                 22     1   2  2  
 4 Steve Eminger            John Scott                                        13     1   2  2  

PowerPlay Forward 
   Center                   Left Wing                Right Wing               Time % Phy DF OF 
 1 Martin St. Pierre        Tyler Biggs              Colton Orr               60     1   2  2  
 2 Daine Todd               Josh Leivo               Kenny Ryan               40     1   2  2  

PowerPlay Defense
   Defense                  Defense                                           Time % Phy DF OF 
 1 John Scott               Steve Eminger                                     60     1   2  2  
 2 Greg Pateryn             Korbinian Holzer                                  40     1   2  2  

Penalty Kill 4 Players Forward 
   Center                   Wing                     Time % Phy DF OF 
 1 Kenny Ryan               Colton Orr               60     1   2  2  
 2 Martin St. Pierre        Josh Leivo               40     1   2  2  

Penalty Kill 4 Players Defense
   Defense                  Defense                  Time % Phy DF OF 
 1 John Scott               Steve Eminger            60     1   2  2  
 2 Greg Pateryn             Korbinian Holzer         40     1   2  2  

Penalty Kill - 3 Players Forward 
   Forward                                           Time % Phy DF OF 
 1 Josh Leivo                                        60     1   2  2  
 2 Colton Orr                                        40     1   2  2  

Penalty Kill - 3 Players Defense
   Defense                  Defense                  Time % Phy DF OF 
 1 John Scott               Steve Eminger            60     1   2  2  
 2 Greg Pateryn             Korbinian Holzer         40     1   2  2  

4 vs 4 Forward 
   Center                   Wing                     Time % Phy DF OF 
 1 Tyler Biggs              Colton Orr               60     1   2  2  
 2 Martin St. Pierre        Josh Leivo               40     1   2  2  

4 vs 4 Defense
   Defense                  Defense                  Time % Phy DF OF 
 1 John Scott               Steve Eminger            60     1   2  2  
 2 Greg Pateryn             Korbinian Holzer         40     1   2  2  

Last Minutes Offensive
   Center                   Left Wing                Right Wing               Defense                  Defense                  
   Martin St. Pierre        Josh Leivo               Colton Orr               John Scott               Steve Eminger            

Last Minutes Defensive
   Center                   Left Wing                Right Wing               Defense                  Defense                  
   Martin St. Pierre        Josh Leivo               Colton Orr               John Scott               Steve Eminger            

Goaltenders
Starting : Jean-Francois Berube     
Backup : Cedrick Desjardins       

Extra Forwards
Normal : Tyler Biggs, Kenny Ryan, David Broll - PP : Tyler Biggs, Kenny Ryan - PK : David Broll
Extra Defensemen
Normal : Jesse Blacker, Andrew MacWilliam, John Scott - PP : Jesse Blacker - PK : Andrew MacWilliam, John Scott
Penalty Shots
John Scott, David Broll, Colton Orr, Martin St. Pierre, Josh Leivo

Marlies

5 vs 5 Forward 
   Center                   Left Wing                Right Wing               Time % Phy DF OF 
 1 Shane Prince             Colton Gillies           Rich Clune               35     1   2  2  
 2 Nicolas Deschamps        Andrew Yogan             Joel Armia               30     1   2  2  
 3 Farm Player24            Farm Player29            Jake Hansen              22     1   2  2  
 4 Sheldon Brookbank        Colton Gillies           Austen Brassard          13     1   2  2  

5 vs 5 Defense 
   Defense                  Defense                                           Time % Phy DF OF 
 1 Sheldon Brookbank        Jonathon Blum                                     35     1   2  2  
 2 Matt Dumba               Morgan Ellis                                      30     1   2  2  
 3 Drew Schiestel           Brendon Nash                                      22     1   2  2  
 4 Harrison Ruopp           Jordan Henry                                      13     1   2  2  

PowerPlay Forward 
   Center                   Left Wing                Right Wing               Time % Phy DF OF 
 1 Shane Prince             Colton Gillies           Rich Clune               60     1   2  2  
 2 Nicolas Deschamps        Andrew Yogan             Joel Armia               40     1   2  2  

PowerPlay Defense
   Defense                  Defense                                           Time % Phy DF OF 
 1 Sheldon Brookbank        Jonathon Blum                                     60     1   2  2  
 2 Matt Dumba               Morgan Ellis                                      40     1   2  2  

Penalty Kill 4 Players Forward 
   Center                   Wing                     Time % Phy DF OF 
 1 Colton Gillies           Shane Prince             60     1   2  2  
 2 Rich Clune               Joel Armia               40     1   2  2  

Penalty Kill 4 Players Defense
   Defense                  Defense                  Time % Phy DF OF 
 1 Sheldon Brookbank        Jonathon Blum            60     1   2  2  
 2 Matt Dumba               Morgan Ellis             40     1   2  2  

Penalty Kill - 3 Players Forward 
   Forward                                           Time % Phy DF OF 
 1 Colton Gillies                                    60     1   2  2  
 2 Shane Prince                                      40     1   2  2  

Penalty Kill - 3 Players Defense
   Defense                  Defense                  Time % Phy DF OF 
 1 Sheldon Brookbank        Jonathon Blum            60     1   2  2  
 2 Matt Dumba               Morgan Ellis             40     1   2  2  

4 vs 4 Forward 
   Center                   Wing                     Time % Phy DF OF 
 1 Colton Gillies           Shane Prince             60     1   2  2  
 2 Rich Clune               Joel Armia               40     1   2  2  

4 vs 4 Defense
   Defense                  Defense                  Time % Phy DF OF 
 1 Sheldon Brookbank        Jonathon Blum            60     1   2  2  
 2 Matt Dumba               Morgan Ellis             40     1   2  2  

Last Minutes Offensive
   Center                   Left Wing                Right Wing               Defense                  Defense                  
   Shane Prince             Colton Gillies           Rich Clune               Sheldon Brookbank        Jonathon Blum            

Last Minutes Defensive
   Center                   Left Wing                Right Wing               Defense                  Defense                  
   Shane Prince             Colton Gillies           Rich Clune               Sheldon Brookbank        Jonathon Blum            

Goaltenders
Starting : Scott Clemmensen         
Backup : Tyler Beskorowany        

Extra Forwards
Normal : Jake Hansen, Austen Brassard, Farm Player24 - PP : Jake Hansen, Austen Brassard - PK : Farm Player24
Extra Defensemen
Normal : Drew Schiestel, Brendon Nash, Harrison Ruopp - PP : Drew Schiestel - PK : Brendon Nash, Harrison Ruopp
Penalty Shots
Sheldon Brookbank, Colton Gillies, Shane Prince, Rich Clune, Joel Armia

% Time on Ice - Senators

Lines # - Real PCT - Wanted PCT - Time Play
Normal Forward
1 - 23% - 35% - 12:07
2 - 34% - 30% - 17:49
3 - 23% - 22% - 12:04
4 - 21% - 13% - 11:02
Normal Defense
1 - 32% - 35% - 16:56
2 - 33% - 30% - 17:40
3 - 27% - 22% - 14:29
4 - 7% - 13% - 3:57
PP Forward
1 - 50% - 60% - 1:59
2 - 50% - 40% - 1:59
PP Defense
1 - 48% - 60% - 1:54
2 - 52% - 40% - 2:04
PK Forward
1 - 100% - 60% - 3:00
2 - 0% - 40% - 0:00
PK Defense
1 - 71% - 60% - 2:07
2 - 29% - 40% - 0:53
PK3 Forward
1 - 0% - 60%
2 - 0% - 40%
PK3 Defense
1 - 0% - 60%
2 - 0% - 40%
44 Forward
1 - 0% - 60%
2 - 0% - 40%
44 Defense
1 - 0% - 60%
2 - 0% - 40%
Last Minute Offensive  - 0:00
Last Minute Defensive  - 0:00
Total
Forward - 60:00
Defense - 60:00

% Time on Ice - Marlies

Lines # - Real PCT - Wanted PCT - Time Play
Normal Forward
1 - 32% - 35% - 16:55
2 - 31% - 30% - 16:29
3 - 24% - 22% - 12:33
4 - 13% - 13% - 7:05
Normal Defense
1 - 31% - 35% - 16:14
2 - 30% - 30% - 16:01
3 - 22% - 22% - 11:48
4 - 17% - 13% - 8:59
PP Forward
1 - 47% - 60% - 1:25
2 - 53% - 40% - 1:35
PP Defense
1 - 51% - 60% - 1:31
2 - 49% - 40% - 1:29
PK Forward
1 - 86% - 60% - 3:25
2 - 14% - 40% - 0:33
PK Defense
1 - 50% - 60% - 1:59
2 - 50% - 40% - 1:59
PK3 Forward
1 - 0% - 60%
2 - 0% - 40%
PK3 Defense
1 - 0% - 60%
2 - 0% - 40%
44 Forward
1 - 0% - 60%
2 - 0% - 40%
44 Defense
1 - 0% - 60%
2 - 0% - 40%
Last Minute Offensive  - 0:00
Last Minute Defensive  - 0:00
Total
Forward - 60:00
Defense - 60:00

Play by Play

1st period


0:01 of 1st period - Martin St. Pierre wins face-off versus Shane Prince in neutral zone.
0:28 of 1st period - Snap shot by Colton Orr.
0:28 of 1st period - Stopped by Scott Clemmensen with a rebound.
0:30 of 1st period - Slapshot by John Scott.
0:30 of 1st period - Stopped by Scott Clemmensen with a rebound.
0:46 of 1st period - Josh Leivo is hit by Colton Gillies and loses puck.
0:53 of 1st period - Colton Gillies is hit by John Scott and loses puck.
1:00 of 1st period - Snap shot by Josh Leivo.
1:00 of 1st period - Shot Misses the Net.
1:08 of 1st period - Wrist shot by Mike Brown.
1:08 of 1st period - Shot Blocked by Jonathon Blum.
2:42 of 1st period - Kenny Ryan is hit by Matt Dumba and loses puck.
3:15 of 1st period - Backhand shot by Nicolas Deschamps.
3:15 of 1st period - Shot Misses the Net.
3:25 of 1st period - Steve Eminger is hit by Colton Gillies and loses puck.
3:30 of 1st period - Wrist shot by Sheldon Brookbank.
3:30 of 1st period - Shot Blocked by Steve Eminger.
3:32 of 1st period - Snap shot by Brendon Nash.
3:32 of 1st period - Shot Blocked by Steve Eminger.
3:34 of 1st period - Snap shot by Sheldon Brookbank.
3:34 of 1st period - Stopped by Jean-Francois Berube with a rebound.
3:36 of 1st period - Wrist shot by Colton Gillies.
3:36 of 1st period - Stopped by Jean-Francois Berube without a rebound.
3:37 of 1st period - Colton Orr wins face-off versus Austen Brassard in Senators zone.
4:24 of 1st period - Martin St. Pierre is hit by Jake Hansen and loses puck.
4:35 of 1st period - Colton Orr is hit by Joel Armia and loses puck.
5:17 of 1st period - Minor Penalty to Andrew MacWilliam for Tripping.
5:18 of 1st period - Kenny Ryan wins face-off versus Joel Armia in Senators zone.
5:59 of 1st period - Slapshot by Matt Dumba.
5:59 of 1st period - Shot Blocked by Steve Eminger.
6:01 of 1st period - Wrist shot by Colton Gillies.
6:01 of 1st period - Deflect By Rich Clune.
6:01 of 1st period - Stopped by Jean-Francois Berube with a rebound.
6:03 of 1st period - Snap shot by Colton Gillies.
6:03 of 1st period - Deflect By Steve Eminger.
6:03 of 1st period - Goal by Colton Gillies - Senators : 0 - Marlies : 1.
6:04 of 1st period - Farm Player24 wins face-off versus Josh Leivo in neutral zone.
6:36 of 1st period - Wrist shot by Josh Leivo.
6:36 of 1st period - Stopped by Scott Clemmensen with a rebound.
6:38 of 1st period - Snap shot by Josh Leivo.
6:38 of 1st period - Shot Misses the Net.
6:40 of 1st period - Slapshot by Korbinian Holzer.
6:40 of 1st period - Shot Misses the Net.
6:50 of 1st period - Tyler Biggs is hit by Morgan Ellis.
7:09 of 1st period - Joel Armia is hit by David Broll and loses puck.
7:25 of 1st period - Icing by Steve Eminger.
7:26 of 1st period - Shane Prince wins face-off versus Colton Orr in Senators zone.
8:21 of 1st period - Minor Penalty to Shane Prince for Holding Stick.
8:22 of 1st period - Daine Todd wins face-off versus Colton Gillies in Marlies zone.
9:51 of 1st period - John Scott is hit by Farm Player24 and loses puck.
10:08 of 1st period - Wrist shot by Korbinian Holzer.
10:08 of 1st period - Shot Misses the Net.
10:21 of 1st period - Penalty to Shane Prince is over, Shane Prince is back on ice.
11:18 of 1st period - Colton Gillies is hit by Tyler Biggs.
12:01 of 1st period - Slapshot by Joel Armia.
12:01 of 1st period - Shot Hit the Post.
12:03 of 1st period - Slapshot by Drew Schiestel.
12:03 of 1st period - Shot Blocked by Greg Pateryn.
12:40 of 1st period - Farm Player29 is hit by Evan Trupp and loses puck.
12:47 of 1st period - Steve Eminger is hit by Drew Schiestel and loses puck.
13:00 of 1st period - Icing by Harrison Ruopp.
13:01 of 1st period - Andrew Yogan wins face-off versus Daine Todd in Marlies zone.
13:01 of 1st period - Andrew Yogan is hit by Mike Brown.
13:25 of 1st period - Wrist shot by Austen Brassard.
13:25 of 1st period - Shot Blocked by Josh Leivo.
14:23 of 1st period - Wrist shot by Nicolas Deschamps.
14:23 of 1st period - Shot Misses the Net.
14:25 of 1st period - Wrist shot by Joel Armia.
14:25 of 1st period - Stopped by Jean-Francois Berube with a rebound.
14:27 of 1st period - Wrist shot by Andrew Yogan.
14:27 of 1st period - Deflect By Greg Pateryn.
14:27 of 1st period - Shot Misses the Net.
14:27 of 1st period - Puck is out of play.
14:28 of 1st period - Nicolas Deschamps wins face-off versus Daine Todd in Senators zone.
14:40 of 1st period - Slapshot by Jake Hansen.
14:40 of 1st period - Shot Blocked by Steve Eminger.
14:42 of 1st period - Wrist shot by Rich Clune.
14:42 of 1st period - Shot Misses the Net.
15:02 of 1st period - Slapshot by Steve Eminger.
15:02 of 1st period - Shot Misses the Net.
15:10 of 1st period - Snap shot by David Broll.
15:10 of 1st period - Shot Misses the Net.
15:55 of 1st period - Off-side.
15:56 of 1st period - Evan Trupp wins face-off versus Shane Prince in neutral zone.
15:59 of 1st period - Slapshot by Steve Eminger.
15:59 of 1st period - Shot Misses the Net.
16:01 of 1st period - Snap shot by Kyle Beach.
16:01 of 1st period - Shot Misses the Net.
16:03 of 1st period - Snap shot by David Broll.
16:03 of 1st period - Shot Misses the Net.
16:23 of 1st period - Colton Orr is hit by Rich Clune and loses puck.
16:32 of 1st period - Matt Dumba is hit by John Scott.
17:27 of 1st period - Backhand shot by Evan Trupp.
17:27 of 1st period - Stopped by Scott Clemmensen with a rebound.
18:13 of 1st period - Kenny Ryan is hit by Nicolas Deschamps and loses puck.
19:54 of 1st period - Martin St. Pierre is hit by Andrew Yogan and loses puck.
Goals for this period are 0 for Senators vs 1 for Marlies.
Shots for this period are 4 for Senators vs 5 for Marlies.

2nd period


0:01 of 2nd period - Martin St. Pierre wins face-off versus Shane Prince in neutral zone.
0:08 of 2nd period - Wrist shot by Martin St. Pierre.
0:08 of 2nd period - Shot Misses the Net.
0:22 of 2nd period - Snap shot by Rich Clune.
0:22 of 2nd period - Stopped by Jean-Francois Berube with a rebound.
1:25 of 2nd period - Snap shot by Mike Brown.
1:25 of 2nd period - Stopped by Scott Clemmensen with a rebound.
1:45 of 2nd period - Matt Dumba is hit by Tyler Biggs and loses puck.
1:59 of 2nd period - Slapshot by Drew Schiestel.
1:59 of 2nd period - Shot Misses the Net.
2:26 of 2nd period - Slapshot by Jesse Blacker.
2:26 of 2nd period - Stopped by Scott Clemmensen without a rebound.
2:27 of 2nd period - Shane Prince wins face-off versus Daine Todd in Marlies zone.
2:32 of 2nd period - Snap shot by Matt Dumba.
2:32 of 2nd period - Stopped by Jean-Francois Berube with a rebound.
2:34 of 2nd period - Slapshot by Morgan Ellis.
2:34 of 2nd period - Shot Blocked by Daine Todd.
2:36 of 2nd period - Slapshot by Morgan Ellis.
2:36 of 2nd period - Stopped by Jean-Francois Berube without a rebound.
2:37 of 2nd period - Daine Todd wins face-off versus Shane Prince in Senators zone.
2:37 of 2nd period - Daine Todd is hit by Morgan Ellis.
3:16 of 2nd period - Snap shot by David Broll.
3:16 of 2nd period - Shot Misses the Net.
3:42 of 2nd period - Snap shot by Colton Orr.
3:42 of 2nd period - Stopped by Scott Clemmensen with a rebound.
3:46 of 2nd period - Wrist shot by Kenny Ryan.
3:46 of 2nd period - Stopped by Scott Clemmensen without a rebound.
3:47 of 2nd period - Nicolas Deschamps wins face-off versus Colton Orr in Marlies zone.
4:00 of 2nd period - Snap shot by Nicolas Deschamps.
4:00 of 2nd period - Shot Blocked by Korbinian Holzer.
4:02 of 2nd period - Snap shot by Nicolas Deschamps.
4:02 of 2nd period - Shot Misses the Net.
4:04 of 2nd period - Snap shot by Joel Armia.
4:04 of 2nd period - Shot Misses the Net.
4:06 of 2nd period - Slapshot by Drew Schiestel.
4:06 of 2nd period - Stopped by Jean-Francois Berube with a rebound.
4:43 of 2nd period - Off-side.
4:44 of 2nd period - Daine Todd wins face-off versus Sheldon Brookbank in neutral zone.
4:47 of 2nd period - Wrist shot by Josh Leivo.
4:47 of 2nd period - Stopped by Scott Clemmensen with a rebound.
4:57 of 2nd period - Mike Brown beats up Sheldon Brookbank.
4:57 of 2nd period - Penalty to Sheldon Brookbank for Fighting.
4:57 of 2nd period - Penalty to Mike Brown for Fighting.
4:58 of 2nd period - Daine Todd wins face-off versus Shane Prince in Senators zone.
5:05 of 2nd period - Shane Prince is hit by Daine Todd and loses puck.
5:20 of 2nd period - Snap shot by Daine Todd.
5:20 of 2nd period - Stopped by Scott Clemmensen with a rebound.
6:13 of 2nd period - Nicolas Deschamps is hit by Evan Trupp and loses puck.
7:23 of 2nd period - Daine Todd is hit by Jake Hansen.
8:13 of 2nd period - Slapshot by Colton Gillies.
8:13 of 2nd period - Stopped by Jean-Francois Berube with a rebound.
8:17 of 2nd period - Snap shot by Rich Clune.
8:17 of 2nd period - Stopped by Jean-Francois Berube without a rebound.
8:18 of 2nd period - Shane Prince wins face-off versus Daine Todd in Senators zone.
9:25 of 2nd period - Andrew MacWilliam is hit by Joel Armia and loses puck.
9:46 of 2nd period - Snap shot by Shane Prince.
9:46 of 2nd period - Stopped by Jean-Francois Berube with a rebound.
10:15 of 2nd period - Slapshot by Jonathon Blum.
10:15 of 2nd period - Stopped by Jean-Francois Berube with a rebound.
12:09 of 2nd period - Brad Ross is hit by Drew Schiestel and loses puck.
12:21 of 2nd period - Nicolas Deschamps is hit by John Scott and loses puck.
12:38 of 2nd period - Slapshot by Korbinian Holzer.
12:38 of 2nd period - Goal by Korbinian Holzer - Senators : 1 - Marlies : 1.
12:39 of 2nd period - Evan Trupp wins face-off versus Shane Prince in neutral zone.
13:07 of 2nd period - Minor Penalty to Brad Ross for Roughing.
13:08 of 2nd period - Shane Prince wins face-off versus Kenny Ryan in Senators zone.
13:14 of 2nd period - Slapshot by Jonathon Blum.
13:14 of 2nd period - Shot Misses the Net.
13:16 of 2nd period - Slapshot by Jonathon Blum.
13:16 of 2nd period - Shot Misses the Net.
13:18 of 2nd period - Slapshot by Jonathon Blum.
13:18 of 2nd period - Shot Blocked by John Scott.
13:20 of 2nd period - Snap shot by Rich Clune.
13:20 of 2nd period - Shot Misses the Net.
13:22 of 2nd period - Slapshot by Sheldon Brookbank.
13:22 of 2nd period - Deflect By Steve Eminger.
13:22 of 2nd period - Goal by Sheldon Brookbank - Senators : 1 - Marlies : 2.
13:23 of 2nd period - Daine Todd wins face-off versus Farm Player24 in neutral zone.
13:37 of 2nd period - Snap shot by Josh Leivo.
13:37 of 2nd period - Stopped by Scott Clemmensen without a rebound.
13:38 of 2nd period - Josh Leivo wins face-off versus Farm Player24 in Marlies zone.
13:41 of 2nd period - Slapshot by Josh Leivo.
13:41 of 2nd period - Stopped by Scott Clemmensen with a rebound.
13:43 of 2nd period - Slapshot by Steve Eminger.
13:43 of 2nd period - Deflect By Josh Leivo.
13:43 of 2nd period - Stopped by Scott Clemmensen with a rebound.
13:56 of 2nd period - Sheldon Brookbank is hit by John Scott and loses puck.
14:10 of 2nd period - Icing by Jonathon Blum.
14:11 of 2nd period - Martin St. Pierre wins face-off versus Farm Player24 in Marlies zone.
14:36 of 2nd period - Slapshot by Rich Clune.
14:36 of 2nd period - Shot Misses the Net.
14:48 of 2nd period - Slapshot by Matt Dumba.
14:48 of 2nd period - Deflect By Rich Clune.
14:48 of 2nd period - Shot Blocked by Evan Trupp.
14:48 of 2nd period - Puck is out of play.
14:49 of 2nd period - Evan Trupp wins face-off versus Nicolas Deschamps in Senators zone.
15:02 of 2nd period - Snap shot by David Broll.
15:02 of 2nd period - Shot Blocked by Nicolas Deschamps.
15:04 of 2nd period - Slapshot by Steve Eminger.
15:04 of 2nd period - Stopped by Scott Clemmensen with a rebound.
15:06 of 2nd period - Snap shot by Steve Eminger.
15:06 of 2nd period - Stopped by Scott Clemmensen with a rebound.
16:49 of 2nd period - Brendon Nash beats up Mike Brown.
16:49 of 2nd period - Penalty to Brendon Nash for Fighting.
16:49 of 2nd period - Penalty to Mike Brown for Fighting.
16:50 of 2nd period - Jake Hansen wins face-off versus Daine Todd in Senators zone.
16:51 of 2nd period - Slapshot by Sheldon Brookbank.
16:51 of 2nd period - Stopped by Jean-Francois Berube with a rebound.
16:53 of 2nd period - Slapshot by Jonathon Blum.
16:53 of 2nd period - Shot Misses the Net.
16:55 of 2nd period - Slapshot by Sheldon Brookbank.
16:55 of 2nd period - Deflect By Steve Eminger.
16:55 of 2nd period - Goal by Sheldon Brookbank - Senators : 1 - Marlies : 3.
16:56 of 2nd period - Martin St. Pierre wins face-off versus Shane Prince in neutral zone.
16:59 of 2nd period - Jonathon Blum is hit by Colton Orr and loses puck.
17:20 of 2nd period - Steve Eminger is hit by Rich Clune.
17:31 of 2nd period - Rich Clune and Colton Orr fight to a draw.
17:31 of 2nd period - Penalty to Rich Clune for Fighting.
17:31 of 2nd period - Penalty to Colton Orr for Fighting.
17:32 of 2nd period - Daine Todd wins face-off versus Farm Player24 in Senators zone.
17:39 of 2nd period - Snap shot by Jake Hansen.
17:39 of 2nd period - Stopped by Jean-Francois Berube with a rebound.
17:41 of 2nd period - Wrist shot by Jake Hansen.
17:41 of 2nd period - Stopped by Jean-Francois Berube with a rebound.
18:03 of 2nd period - Slapshot by Sheldon Brookbank.
18:03 of 2nd period - Stopped by Jean-Francois Berube without a rebound.
18:04 of 2nd period - Shane Prince wins face-off versus David Broll in Senators zone.
18:53 of 2nd period - Wrist shot by Joel Armia.
18:53 of 2nd period - Stopped by Jean-Francois Berube with a rebound.
18:59 of 2nd period - Nicolas Deschamps is hit by Tyler Biggs and loses puck.
Goals for this period are 1 for Senators vs 2 for Marlies.
Shots for this period are 12 for Senators vs 15 for Marlies.

3rd period


0:01 of 3rd period - Jake Hansen wins face-off versus Martin St. Pierre in neutral zone.
0:08 of 3rd period - Wrist shot by Colton Gillies.
0:08 of 3rd period - Shot Misses the Net.
0:10 of 3rd period - Slapshot by Sheldon Brookbank.
0:10 of 3rd period - Deflect By Colton Gillies.
0:10 of 3rd period - Shot Blocked by John Scott.
0:10 of 3rd period - Puck is out of play.
0:11 of 3rd period - Shane Prince wins face-off versus Martin St. Pierre in Senators zone.
0:56 of 3rd period - Tyler Biggs is hit by Sheldon Brookbank and loses puck.
1:15 of 3rd period - Slapshot by Joel Armia.
1:15 of 3rd period - Shot Misses the Net.
1:17 of 3rd period - Wrist shot by Andrew Yogan.
1:17 of 3rd period - Stopped by Jean-Francois Berube with a rebound.
1:21 of 3rd period - Wrist shot by Joel Armia.
1:21 of 3rd period - Shot Misses the Net.
1:23 of 3rd period - Slapshot by Morgan Ellis.
1:23 of 3rd period - Deflect By Steve Eminger.
1:23 of 3rd period - Stopped by Jean-Francois Berube without a rebound.
1:24 of 3rd period - Daine Todd wins face-off versus Farm Player24 in Senators zone.
1:42 of 3rd period - Slapshot by Greg Pateryn.
1:42 of 3rd period - Shot Blocked by Jake Hansen.
1:54 of 3rd period - Slapshot by Josh Leivo.
1:54 of 3rd period - Stopped by Scott Clemmensen with a rebound.
2:15 of 3rd period - Minor Penalty to Austen Brassard for Holding.
2:16 of 3rd period - Martin St. Pierre wins face-off versus Colton Gillies in Marlies zone.
2:16 of 3rd period - Slapshot by Steve Eminger.
2:16 of 3rd period - Shot Misses the Net.
2:31 of 3rd period - Penalty to Rich Clune is over, Rich Clune is back on ice.
2:46 of 3rd period - Sheldon Brookbank is hit by John Scott and loses puck.
3:39 of 3rd period - Josh Leivo is hit by Colton Gillies.
3:43 of 3rd period - Backhand shot by Steve Eminger.
3:43 of 3rd period - Shot Blocked by Shane Prince.
3:59 of 3rd period - Sheldon Brookbank is hit by Steve Eminger and loses puck.
4:15 of 3rd period - Penalty to Austen Brassard is over, Austen Brassard is back on ice.
4:35 of 3rd period - Snap shot by Austen Brassard.
4:35 of 3rd period - Shot Blocked by Greg Pateryn.
4:37 of 3rd period - Backhand shot by Morgan Ellis.
4:37 of 3rd period - Shot Blocked by Korbinian Holzer.
4:45 of 3rd period - Slapshot by Matt Dumba.
4:45 of 3rd period - Shot Misses the Net.
4:47 of 3rd period - Slapshot by Morgan Ellis.
4:47 of 3rd period - Shot Blocked by Daine Todd.
4:49 of 3rd period - Slapshot by Matt Dumba.
4:49 of 3rd period - Shot Misses the Net.
4:51 of 3rd period - Slapshot by Matt Dumba.
4:51 of 3rd period - Shot Blocked by Daine Todd.
5:07 of 3rd period - Evan Trupp is hit by Andrew Yogan.
5:11 of 3rd period - Slapshot by Matt Dumba.
5:11 of 3rd period - Stopped by Jean-Francois Berube with a rebound.
5:16 of 3rd period - Brendon Nash and Andrew MacWilliam fight to a draw.
5:16 of 3rd period - Penalty to Brendon Nash for Fighting.
5:16 of 3rd period - Penalty to Andrew MacWilliam for Fighting.
5:17 of 3rd period - Evan Trupp wins face-off versus Nicolas Deschamps in neutral zone.
5:20 of 3rd period - Snap shot by Jesse Blacker.
5:20 of 3rd period - Deflect By Andrew Yogan.
5:20 of 3rd period - Stopped by Scott Clemmensen with a rebound.
5:23 of 3rd period - Icing by Joel Armia.
5:24 of 3rd period - Evan Trupp wins face-off versus Nicolas Deschamps in Marlies zone.
5:26 of 3rd period - Harrison Ruopp beats up David Broll.
5:26 of 3rd period - Penalty to Harrison Ruopp for Fighting.
5:26 of 3rd period - Penalty to David Broll for Fighting.
5:27 of 3rd period - Martin St. Pierre wins face-off versus Nicolas Deschamps in Marlies zone.
5:34 of 3rd period - Slapshot by Steve Eminger.
5:34 of 3rd period - Deflect By Colton Orr.
5:34 of 3rd period - Stopped by Scott Clemmensen with a rebound.
5:36 of 3rd period - Slapshot by Steve Eminger.
5:36 of 3rd period - Deflect By Martin St. Pierre.
5:36 of 3rd period - Stopped by Scott Clemmensen with a rebound.
6:43 of 3rd period - Slapshot by Sheldon Brookbank.
6:43 of 3rd period - Shot Blocked by John Scott.
7:27 of 3rd period - Off-side.
7:28 of 3rd period - Martin St. Pierre wins face-off versus Nicolas Deschamps in neutral zone.
7:33 of 3rd period - Snap shot by Martin St. Pierre.
7:33 of 3rd period - Stopped by Scott Clemmensen with a rebound.
9:02 of 3rd period - Slapshot by Sheldon Brookbank.
9:02 of 3rd period - Stopped by Jean-Francois Berube without a rebound.
9:03 of 3rd period - Evan Trupp wins face-off versus Shane Prince in Senators zone.
9:21 of 3rd period - Icing by Rich Clune.
9:22 of 3rd period - Evan Trupp wins face-off versus Shane Prince in Marlies zone.
9:44 of 3rd period - Minor Penalty to Colton Orr for Holding.
9:45 of 3rd period - Nicolas Deschamps wins face-off versus Kenny Ryan in Senators zone.
10:07 of 3rd period - Slapshot by Matt Dumba.
10:07 of 3rd period - Deflect By Greg Pateryn.
10:07 of 3rd period - Stopped by Jean-Francois Berube without a rebound.
10:08 of 3rd period - Shane Prince wins face-off versus Kenny Ryan in Senators zone.
10:11 of 3rd period - Slapshot by Jonathon Blum.
10:11 of 3rd period - Stopped by Jean-Francois Berube without a rebound.
10:12 of 3rd period - Shane Prince wins face-off versus Kenny Ryan in Senators zone.
10:16 of 3rd period - Penalty to Andrew MacWilliam is over, Andrew MacWilliam is back on ice.
10:25 of 3rd period - Slapshot by Jonathon Blum.
10:25 of 3rd period - Shot Misses the Net.
10:53 of 3rd period - David Broll is hit by Joel Armia and loses puck.
11:42 of 3rd period - Snap shot by Rich Clune.
11:42 of 3rd period - Shot Misses the Net.
11:44 of 3rd period - Penalty to Colton Orr is over, Colton Orr is back on ice.
12:16 of 3rd period - Farm Player29 is hit by Korbinian Holzer and loses puck.
13:41 of 3rd period - Off-side.
13:42 of 3rd period - Daine Todd wins face-off versus Sheldon Brookbank in neutral zone.
15:01 of 3rd period - Icing by Kenny Ryan.
15:02 of 3rd period - Farm Player24 wins face-off versus Colton Orr in Senators zone.
15:57 of 3rd period - Wrist shot by Joel Armia.
15:57 of 3rd period - Stopped by Jean-Francois Berube with a rebound.
15:59 of 3rd period - Slapshot by Brendon Nash.
15:59 of 3rd period - Shot Misses the Net.
16:15 of 3rd period - Colton Gillies is hit by Mike Brown and loses puck.
16:28 of 3rd period - Slapshot by Matt Dumba.
16:28 of 3rd period - Shot Misses the Net.
17:34 of 3rd period - Andrew MacWilliam is hit by Sheldon Brookbank and loses puck.
17:47 of 3rd period - Snap shot by Sheldon Brookbank.
17:47 of 3rd period - Stopped by Jean-Francois Berube without a rebound.
17:48 of 3rd period - Sheldon Brookbank wins face-off versus Martin St. Pierre in Senators zone.
17:49 of 3rd period - Slapshot by Brendon Nash.
17:49 of 3rd period - Stopped by Jean-Francois Berube with a rebound.
18:03 of 3rd period - Snap shot by Colton Gillies.
18:03 of 3rd period - Stopped by Jean-Francois Berube with a rebound.
18:05 of 3rd period - Slapshot by Drew Schiestel.
18:05 of 3rd period - Shot Misses the Net.
18:07 of 3rd period - Snap shot by Colton Gillies.
18:07 of 3rd period - Shot Misses the Net.
18:09 of 3rd period - Slapshot by Drew Schiestel.
18:09 of 3rd period - Stopped by Jean-Francois Berube with a rebound.
18:11 of 3rd period - Slapshot by Drew Schiestel.
18:11 of 3rd period - Shot Blocked by Steve Eminger.
19:34 of 3rd period - Snap shot by Nicolas Deschamps.
19:34 of 3rd period - Shot Misses the Net.
19:36 of 3rd period - Slapshot by Jordan Henry.
19:36 of 3rd period - Shot Blocked by David Broll.
19:38 of 3rd period - Slapshot by Harrison Ruopp.
19:38 of 3rd period - Stopped by Jean-Francois Berube with a rebound.
19:40 of 3rd period - Wrist shot by Andrew Yogan.
19:40 of 3rd period - Shot Misses the Net.
Goals for this period are 0 for Senators vs 0 for Marlies.
Shots for this period are 5 for Senators vs 12 for Marlies.


Output by the SimonT Hockey Simulator (STHS) for Eric Dolegowski -- Original Page W3C XHTML 1.0 Valid
Hockey Simulator - Hockey Simulation - Hockey Manager